 Dungeon Crawl Stone Soup version 0.24.1-1-gd1d2a07e1b (webtiles) character file.

Game seed: 162203747639393640, levelgen mode: deterministic

553 Descartes the Magician (level 7, -6/36 HPs)
             Began as a Deep Elf Air Elementalist on Apr 8, 2020.
             Mangled by an ice beast (13 damage)
             ... on level 5 of the Dungeon.
             The game lasted 00:12:56 (6120 turns).

Descartes the Magician (Deep Elf Air Elementalist)  Turns: 6120, Time: 00:12:56

Health: -6/36      AC:  3    Str:  5    XL:     7   Next: 8%
Magic:  11/17      EV: 13    Int: 22    God:
Gold:   124        SH:  0    Dex: 15    Spells: 8/16 levels left

rFire    . . .     SeeInvis .   s - +1 dagger (venom)
rCold    . . .     Gourm    .   (no shield)
rNeg     . . .     Faith    .   a - +0 robe
rPois    .         Spirit   .   (no helmet)
rElec    .         Reflect  .   (no cloak)
rCorr    .         Harm     .   h - +0 pair of gloves
MR       .....                  (no boots)
Stlth    ++........             (no amulet)
HPRegen  0.12/turn              (no ring)
MPRegen  0.15/turn              (no ring)

@: no status effects
A: no striking features
a: no special abilities


You were on level 5 of the Dungeon.
You were hungry.

You visited 1 branch of the dungeon, and saw 5 of its levels.

You collected 214 gold pieces.
You spent 90 gold pieces at shops.

Inventory:

Hand Weapons
 m - a +0 dagger
 s - a +1 dagger of venom (weapon)
Missiles
 d - 205 stones
 j - 37 poisoned darts (quivered)
 l - 97 arrows
 t - 39 bolts
 x - 21 sling bullets
 y - 7 boomerangs
Armour
 a - a +0 robe (worn)
 h - a +0 pair of gloves (worn)
 o - a +2 shield
Jewellery
 B - an uncursed ring of fire
Wands
 n - a wand of flame (39)
 E - a wand of random effects (17)
Scrolls
 b - 6 scrolls of teleportation {unknown}
 e - 5 scrolls of remove curse
 g - 2 scrolls of amnesia {unknown}
 q - a scroll of magic mapping {unknown}
 r - 3 scrolls of enchant armour {unknown}
Potions
 f - a potion of haste {unknown}
 i - a potion of berserk rage {unknown}
 k - 3 potions of curing {unknown}
 p - a potion of heal wounds {unknown}
 u - 2 potions of might {unknown}
 v - 3 potions of brilliance
 w - 2 potions of cancellation {unknown}
 z - a potion of mutation {unknown}
 A - a potion of flight {unknown}
 C - a potion of resistance {unknown}
Comestibles
 c - 12 rations


   Skills:
 - Level 2.5 Dodging
 - Level 2.5 Stealth
 * Level 3.4 Shields
 + Level 5.3 Spellcasting
 + Level 3.5 Conjurations
 + Level 4.8 Air Magic


You had 8 spell levels left.
You knew the following spells:

 Your Spells              Type           Power        Failure   Level  Hunger
a - Shock                 Conj/Air       ###.         1%          1    None
b - Airstrike             Air            ####......   14%         4    ####...
c - Static Discharge      Conj/Air       ###.....     5%          3    ##.....

Your spell library contained the following spells:

 Spells                   Type           Power        Failure   Level  Hunger
 Swiftness                Chrm/Air       ###.....     5%          2    None
 Lightning Bolt           Conj/Air       ###.......   43%         5    #####..


Dungeon Overview and Level Annotations

Branches:
Dungeon (5/15)
 Temple: D:4-7

Altars:
Elyvilon
Hepliaklqana
Makhleb
Ru
Trog
Wu Jian
Xom
The Shining One

Shops:
D:4 }![

Annotations:
D:3 3 runed translucent doors, Jabberih's ghost, amateur MfTm


Message History

Aim: an ice beast (severely wounded)
The zap hits the ice beast.
The ice beast is almost dead.
The ice beast hits you. The ice beast freezes you!
* * * LOW HITPOINT WARNING * * *
Evoke which item? (* to show all) (? for menu, Esc to quit)
Aiming: Throw Flame
Press: ? - help, Shift-Dir - straight line, f/p - ice beast
Aim: an ice beast (almost dead)
The puff of flame hits the ice beast.
The ice beast is almost dead.
The ice beast completely misses you.
Evoke which item? (* to show all) (? for menu, Esc to quit)
Aiming: Throw Flame
Press: ? - help, Shift-Dir - straight line, f/p - ice beast
Aim: an ice beast (almost dead)
The puff of flame misses the ice beast.
The ice beast hits you.
* * * LOW HITPOINT WARNING * * *
The ice beast freezes you!
You die...

##...........###.....##
##.......######.##...#
##....#.# #..######
##...#.# ##.## ##..##.#
#..# # #..###.# #.##
######..###.# #.#
.##......##.# #Y#
...#####....# ##@#
....## ##...###..#
.....# ###...#.##
....## #.#...## ....#
#.##..<### ...##
#.##.##..##### ..##
#.##.###.....# ..#
#.##.# ##..### .##
#.##.# #..##


You could see an ice beast.

Vanquished Creatures
  A phantom (D:5)
  An ogre (D:5)
  2 hounds (D:5)
  2 bullfrog skeletons
  Jessica (D:3)
  An iguana (D:4)
  2 worker ants (D:4)
  A hound skeleton (D:2)
  A worker ant zombie (D:5)
  4 adders
  A shadow imp (D:5)
  3 oozes
  An adder skeleton (D:5)
  3 worms
  4 dart slugs
  3 leopard geckos
  2 orcs (D:4)
  A ball python (D:2)
  7 giant cockroaches
  4 goblins
  A hobgoblin (D:3)
  3 jackals (D:3)
  4 kobolds
  4 quokkas
  12 bats
  5 frilled lizards
  5 rats
  A fungus (D:1)
80 creatures vanquished.

Notes
Turn   | Place    | Note
-------+----------+-------------------------------------------
     0 | D:1      | Descartes the Deep Elf Air Elementalist began the quest for
                  | the Orb.
     0 | D:1      | Reached XP level 1. HP: 10/10 MP: 6/6
   624 | D:1      | Reached XP level 2. HP: 15/15 MP: 5/8
  1451 | D:2      | Reached XP level 3. HP: 14/19 MP: 0/10
  2700 | D:3      | Reached skill level 1 in Shields
  2709 | D:3      | Found a runed translucent gate.
  2710 | D:3      | Found a runed translucent gate.
  2711 | D:3      | Found a runed translucent gate.
  2748 | D:3      | Reached XP level 4. HP: 24/24 MP: 7/11
  2851 | D:3      | Found a sacrificial altar of Ru.
  2890 | D:3      | Reached skill level 4 in Spellcasting
  2958 | D:3      | Found a bloodstained altar of Trog.
  3008 | D:3      | Noticed Jessica
  3010 | D:3      | Killed Jessica
  3250 | D:3      | Noticed Jabberih's ghost (amateur MfTm)
  3256 | D:3      | Found a burning altar of Makhleb.
  3262 | D:3      | Learned a level 4 spell: Airstrike
  3266 | D:3      | Learned a level 3 spell: Static Discharge
  3301 | D:3      | Found a hazy altar of Hepliaklqana.
  3407 | D:4      | Found Aluavud's Distillery.
  3414 | D:4      | Bought 2 potions of brilliance for 80 gold pieces
  3414 | D:4      | Bought a potion of degeneration for 10 gold pieces
  3438 | D:4      | Reached XP level 5. HP: 28/28 MP: 5/13
  4026 | D:4      | Found Wuxevoap's Gadget Boutique.
  4625 | D:4      | Found Enworgh's Armour Emporium.
  4815 | D:3      | Found a shimmering altar of Xom.
  4905 | D:5      | Entered Level 5 of the Dungeon
  4905 | D:5      | Noticed an ogre
  4973 | D:5      | Found a white marble altar of Elyvilon.
  5178 | D:5      | Killed an ogre
  5178 | D:5      | Reached XP level 6. HP: 32/32 MP: 0/15
  5416 | D:5      | Reached skill level 5 in Spellcasting
  5699 | D:5      | Reached XP level 7. HP: 36/36 MP: 1/16
  5827 | D:5      | Found a glowing golden altar of the Shining One.
  5827 | D:5      | Found an ornate altar of the Wu Jian Council.
  6120 | D:5      | Mangled by an ice beast

Levels and vault maps discovered:
D:1:      onia_arrival_mini_maze, layout_basic, chequers_mini_garden
D:2:      layout_loops_ring
D:3:      layout_rooms, lemuel_round_altar, bloody_makhleb,
          nicolae_overflow_hidden_temple, marbit_many_paths, bloody_trog,
          ebering_ghost_rock_garden, first_ration, uniq_jessica
D:4:      cheibrodos_old_hovel, layout_basic, serial_shops, kennysheep_mini,
          nicolae_shop_crystal, nicolae_shop_statue_plus, skrybe_limestone_x
D:5:      layout_cave_pods, gammafunk_temple_overflow_pools, elyvilon_altar_1,
          serial_shops, nicolae_shop_stone

Skill      XL: |  1  2  3  4  5  6 |
---------------+-------------------+-----
Shields        | 1 2 3 |  3.4
Conjurations   | 2 3 |  3.5
Spellcasting   | 4 5 |  5.3
Air Magic      | 4 |  4.8
Dodging        | |  2.5
Stealth        | |  2.5

Action                   |  1- 3 |  4- 6 |  7- 9 || total
-------------------------+-------+-------+-------++-------
Melee: Dagger            |    62 |    15 |       ||    77
 Cast: Shock             |    80 |   138 |    16 ||   234
       Airstrike         |       |     2 |       ||     2
Evoke: Wand              |       |       |     2 ||     2
  Use: Scroll            |     1 |       |       ||     1
 Stab: Sleeping          |     1 |       |       ||     1
  Eat: Chunk             |     6 |     9 |       ||    15
Armor: Robe              |     4 |     3 |       ||     7
Dodge: Dodged            |    26 |    23 |     4 ||    53
